 Dungeon Crawl Stone Soup version 0.30.0-19-g36f170ea60 (webtiles) character file.

Game seed: 12217865252480691139

354 Graphine the Firebug (level 6, -6/48 HPs)
             Began as a Draconian Fire Elementalist on May 28, 2023.
             Mangled by a lemure (8 damage)
             ... led by Pikel
             ... on level 4 of the Dungeon.
             The game lasted 00:12:01 (3576 turns).

Graphine the Firebug (Draconian Fire Elementalist)  Turns: 3576, Time: 00:12:02

Health: -6/48      AC:  6    Str:  9      XL:     6   Next: 35%
Magic:  7/19       EV: 12    Int: 15 (16) God:
Gold:   159        SH:  6    Dex: 15 (16) Spells: 7/10 levels left

rFire   . . .        n - +4 flail (holy)
rCold   . . .        c - +2 buckler
rNeg    . . .        (body armour unavailable)
rPois   .            (helmet restricted)
rElec   .            (no cloak)
rCorr   .            (no gloves)
SInv    .            (no boots)
Will    .....        d - amulet of regeneration
Stlth   ++           m - ring of magical power
HPRegen 1.08/turn    (no ring)
MPRegen 0.16/turn

%: clarity
@: no status effects
A: AC +6, unfitting armour, cold-blooded, stinger 1, agile 1, clarity, evolution
1
a: no special abilities


You were on level 4 of the Dungeon.
You visited 1 branch of the dungeon, and saw 4 of its levels.

You collected 159 gold pieces.

Inventory:

Hand Weapons
 e - a +2 dagger of venom
 n - a +4 flail of holy wrath (weapon)
Armour
 c - a +2 buckler (worn)
Jewellery
 b - an amulet of reflection
 d - an amulet of regeneration (around neck)
 m - a ring of magical power (left hand)
Wands
 l - a wand of polymorph (7)
Potions
 a - 2 potions of magic
 f - a potion of mutation
 g - 2 potions of ambrosia
 i - 2 potions of attraction
 k - a potion of might


   Skills:
 + Level 2.1 Fighting
 + Level 2.7 Dodging
 - Level 1.7 Stealth
 + Level 1.8 Shields
 + Level 2.7 Spellcasting
 * Level 3.3 Conjurations
 * Level 4.4 Fire Magic


You had 7 spell levels left.
You knew the following spells:

 Your Spells              Type           Power      Damage    Failure   Level
a - Foxfire               Conj/Fire      52%        2x1d6     6%          1
b - Scorch                Fire           30%        2d6       8%          2

Your spell library contained the following spells:

 Spells                   Type           Power      Damage    Failure   Level
 Inner Flame              Hex/Fire       8%         N/A       36%         3
 Volatile Blastmotes      Fire/Tloc      16%        2d11      36%         3
 Cigotuvi's Dreadful Rot  Necr/Pois/Air  4%         N/A       43%         2
 Flame Wave               Conj/Fire      13%        2d6       52%         4
 Dispel Undead            Necr           2%         3d7       97%         4
 Death Channel            Necr           1%         N/A       100%        6


Dungeon Overview and Level Annotations

Branches:
Dungeon (4/15)
 Temple: D:4-7

Altars:
Hepliaklqana
Ru
Uskayaw

Shops:
D:2 =

Annotations:
D:4 Pikel


Innate Abilities, Weirdness & Mutations

Your plain brown scales are hard. (AC +6)
You cannot fit into any form of body armour.
You are cold-blooded and may be slowed by cold attacks.
Your tail ends in a venomous barb.
You are agile. (Dex +4, Str/Int -1)
You possess an exceptional clarity of mind.
You have hidden genetic potential.


Message History

The lemure looks more healthy.
The foxfire hits Pikel.
Pikel is lightly wounded.
The foxfire hits Pikel.
Pikel is lightly wounded.
You block the lemure's attack. The lemure hits you but does no damage.
Pikel hits you with a +0 whip of flaming!
Pikel burns you. The lemure hits you.
Pikel hits you with a +0 whip of flaming!
Pikel burns you. The lemure closely misses you.
Casting: Foxfire (safe; 6% risk of failure)
Confirm with . or Enter, or press ? or * to list all spells.
Flames lash the lemure.
The lemure is moderately wounded.
The lemure's fire resistance burns away.
Pikel closely misses you. The lemure misses you. The lemure barely misses you.
Casting: Scorch (safe; 8% risk of failure)
Confirm with . or Enter, or press ? or * to list all spells.
Flames lash the lemure.
The lemure is heavily wounded.
The lemure's fire resistance burns away.
The lemure barely misses you. You block Pikel's attack. The lemure hits you.
Okay, then.
You aren't carrying any scrolls.
Okay, then.
Casting: Scorch (safe; 8% risk of failure)
Confirm with . or Enter, or press ? or * to list all spells.
Flames lash the lemure.
The lemure is burned terribly!
The lemure is almost dead.
Pikel closely misses you. The lemure hits you.
* * * LOW HITPOINT WARNING * * *
Casting: Scorch (safe; 8% risk of failure)
Confirm with . or Enter, or press ? or * to list all spells.
Flames lash the lemure.
The lemure is burned terribly!
The lemure is heavily wounded.
Pikel hits you with a +0 whip of flaming!
* * * LOW HITPOINT WARNING * * *
Pikel burns you.
* * * LOW HITPOINT WARNING * * *
The lemure hits you but does no damage. The lemure hits you!
You die...

#.#####.####...#
...#####.......##
...........#....# ##
####.....######.^ .
#..#. #.....#..#..# #
#.#..#. #.###.#..#..#.##
#....5 + #..'........#
..#(.)5#########....#..#
.#....K@'._#v.'.....#
.....#55#.###.#..#..#
.##..#..#.)..†#..#..#
...######.))..#######
.#...#...).......#
..#......#####.....
#.....#### .#### #.#.#.
.# ..##.# .#


You could see Pikel and 4 lemures.

Vanquished Creatures
  Edmund (D:4)
  Natasha (thrice) (D:2)
  3 gnolls (D:4)
  6 adders
  3 worms
  A dart slug (D:3)
  An orc (D:3)
  6 ball pythons
  7 endoplasms
  3 giant cockroaches
  7 goblins
  4 hobgoblins
  5 jackals
  6 kobolds
  3 quokkas
  6 bats
  3 frilled lizards
  3 rats
71 creatures vanquished.

Vanquished Creatures (others)
  170 foxfires
170 creatures vanquished.

Grand Total: 241 creatures vanquished

Notes
Turn   | Place    | Note
-------+----------+-------------------------------------------
     0 | D:1      | Graphine the Draconian Fire Elementalist began the quest
                  | for the Orb.
     0 | D:1      | Reached XP level 1. HP: 14/14 MP: 3/3
   195 | D:1      | Reached XP level 2. HP: 22/22 MP: 1/5
   877 | D:1      | Reached XP level 3. HP: 27/27 MP: 4/6
  1081 | D:2      | Noticed Natasha
  1087 | D:2      | Killed Natasha
  1088 | D:2      | Reached skill level 1 in Fighting
  1145 | D:2      | Reached XP level 4. HP: 35/35 MP: 5/7
  1265 | D:2      | Noticed Natasha
  1274 | D:2      | Killed Natasha
  1275 | D:2      | Reached skill level 1 in Shields
  1410 | D:2      | Noticed Natasha
  1428 | D:2      | Killed Natasha
  1615 | D:2      | Found Ojoar's Jewellery Shop.
  1636 | D:2      | Learned a level 2 spell: Scorch
  1717 | D:2      | Reached XP level 5. HP: 40/40 MP: 4/8
  2047 | D:3      | Gained mutation: You possess an exceptional clarity of
                  | mind. [potion of mutation]
  2047 | D:3      | Gained mutation: You are agile. (Dex +4, Str/Int -1)
                  | [potion of mutation]
  2047 | D:3      | Gained mutation: You have hidden genetic potential. [potion
                  | of mutation]
  2208 | D:3      | Reached skill level 4 in Fire Magic
  2720 | D:3      | Found a hazy altar of Hepliaklqana.
  2727 | D:3      | Found a hide-covered altar of Uskayaw.
  2735 | D:3      | HP: 2/41 [poisoned by a goblin]
  3432 | D:4      | Noticed Edmund
  3453 | D:4      | Killed Edmund
  3454 | D:4      | Reached XP level 6. HP: 31/48 MP: 10/10
  3461 | D:4      | Gained mutation: Your tail ends in a venomous barb. [hidden
                  | potential]
  3551 | D:4      | Found a sacrificial altar of Ru.
  3565 | D:4      | Noticed Pikel
  3576 | D:4      | HP: 2/48 [Pikel/+0 whip of flaming (3)]
  3576 | D:4      | Mangled by a lemure

Illustrated notes

Levels and vault maps discovered:
D:1:      onia_arrival_mini_maze_b, layout_rooms, serial_rivers,
          chequers_serial_rivers_micro_c, chequers_serial_rivers_room_a,
          chequers_serial_rivers_room_b, chequers_serial_rivers_large_a,
          chequers_serial_rivers_small_3
D:2:      layout_loops_ring, serial_shops, nicolae_shop_pleasant_corner_grove,
          uniq_natasha
D:3:      layout_basic, jmf_multi_god_temple
D:4:      layout_loops_ring, hangedman_ru_absence, minmay_temple_entry_junction,
          uniq_edmund, uniq_pikel

Skill      XL: |  1  2  3  4  5 |
---------------+----------------+-----
Dodging        | 2 |  2.7
Fighting       | 1 2 |  2.1
Conjurations   | 2 3 |  3.3
Shields        | 1 |  1.8
Fire Magic     | 4 |  4.4
Stealth        | |  1.7
Spellcasting   | |  2.7

Action                     |  1- 3 |  4- 6 || total
---------------------------+-------+-------++-------
  Melee: Unarmed           |    26 |       ||    26
         Rapier            |     8 |       ||     8
         Tailslap          |     5 |     7 ||    12
         Falchion          |     8 |    44 ||    52
         Dagger            |       |    18 ||    18
         Flail             |       |    10 ||    10
   Cast: Foxfire           |    38 |    62 ||   100
         Scorch            |       |     6 ||     6
    Use: Scroll            |       |     7 ||     7
         Potion            |       |     4 ||     4
 Armour: Skin              |     6 |    32 ||    38
  Dodge: Dodged            |    25 |    51 ||    76
  Block: Buckler           |    24 |    49 ||    73
